 Dungeon Crawl Stone Soup version 0.30.0-29-ga12c61a403 (webtiles) character file.

Game seed: 9015872819097152346

152 csrayne the Cudgeller (level 5, 0/33 HPs)
             Began as a Gargoyle Monk on June 4, 2023.
             Slain by an orc
             ... wielding a +0 flail
              (8 damage)
             ... on level 4 of the Dungeon on June 7, 2023.
             The game lasted 00:31:49 (2533 turns).

csrayne the Cudgeller (Gargoyle Monk)               Turns: 2533, Time: 00:31:49

Health: 0/33       AC: 15    Str: 19    XL:     5   Next: 34%
Magic:  14/14      EV:  8    Int: 10    God:
Gold:   10         SH:  0    Dex: 12    Spells: 4/4 levels left

rFire   . . .        a - +1 mace
rCold   . . .        d - orb {light}
rNeg    + . .        r - +0 chain mail
rPois   ∞            (no helmet)
rElec   +            g - +0 cloak of the End {rPois Str+4 Dex-2}
rCorr   .            y - +0 pair of gloves
SInv    +            (no boots)
Will    .....        (no amulet) Stlth
                     s - ring of magical power
HPRegen 0.25/turn    z - ring of see invisible
MPRegen 0.14/turn

%: no passive effects
@: glowing
A: sickness immunity, AC +4, negative energy resistance 1, electricity
resistance, torment resistance 1, petrification resistance
a: no special abilities


You were on level 4 of the Dungeon.
You visited 1 branch of the dungeon, and saw 4 of its levels.

You collected 209 gold pieces.
You spent 199 gold pieces at shops.

Inventory:

Hand Weapons
 a - a +1 mace (weapon)
 u - a +0 hand axe
 v - a +0 sling
Missiles
 q - 13 poisoned darts (quivered)
Armour
 b - a +0 robe
 d - an orb of light (worn)
 g - the +0 cloak of the End (worn) {rPois Str+4 Dex-2}
   (You bought it in a shop on level 2 of the Dungeon)

   Str:       It affects your strength (+4).
   Dex:       It affects your dexterity (-2).
   rPois:     It protects you from poison.
 h - a +0 ring mail
 i - a +0 cloak
 r - a +0 chain mail (worn)
 y - a +0 pair of gloves (worn)
Jewellery
 s - a ring of magical power (left hand)
 z - a ring of see invisible (right hand)
Wands
 A - a wand of flame (25)
Scrolls
 k - a scroll of teleportation
Potions
 c - a potion of attraction {unknown}
 e - a potion of lignification {unknown}
 f - a potion of heal wounds {unknown}
 l - 2 potions of curing
 o - 3 potions of brilliance
 w - a potion of magic {unknown}
 x - a potion of flight {unknown}


   Skills:
 + Level 4.2 Fighting
 + Level 4.4 Maces & Flails
 + Level 0.1 Throwing
 + Level 2.2 Armour
 + Level 2.7 Dodging


You had 4 spell levels left.
You didn't know any spells.
Your spell library contained the following spells:

 Spells                   Type           Power      Damage    Failure   Level
 Summon Ice Beast         Ice/Summ       0%         N/A       100%        4
 Summon Mana Viper        Hex/Summ       0%         N/A       100%        5
 Monstrous Menagerie      Summ           0%         N/A       100%        7


Dungeon Overview and Level Annotations

Branches:
Dungeon (4/15)
 Temple: D:4-7

Altars:

Shops:
D:2 !!*

Annotations:
D:4 Dowan, Duvessa


Innate Abilities, Weirdness & Mutations

You are immune to sickness and miasma.
Your stone body is resilient. (AC +4)
You are immune to poison.
You resist negative energy. (rN+)
You are resistant to electric shocks. (rElec)
You are resistant to unholy torment.
You are immune to petrification.


Message History

Beogh smites you! The orc hits you with a +3 dagger.
You sock the orc!
You kill the orc!
The orc priest hits you from afar with a +0 trident. x2
* * * LOW HITPOINT WARNING * * *
Your Armour skill increases to level 2!
Aiming: Throw Flame
Press: ? - help, Q - select action, (/) - cycle Shift-Dir - straight line, f - orc priest
Aim: an orc priest, wielding a +0 trident (haloed, 79% to hit)
The puff of flame hits the orc priest.
The orc priest is moderately wounded.
The orc priest barely misses you.
Aiming: Throw Flame
Press: ? - help, Q - select action, (/) - cycle Shift-Dir - straight line, f/p - orc priest
Aim: an orc priest, wielding a +0 trident (moderately wounded, haloed, 79% to hit)
The puff of flame hits the orc priest.
The orc priest is severely wounded.
The orc priest hits you from afar with a +0 trident.
* * * LOW HITPOINT WARNING * * *
You feel better.
The orc priest hits you from afar with a +0 trident.
Aiming: Throw Flame
Press: ? - help, Q - select action, (/) - cycle Shift-Dir - straight line, f/p - orc priest
Aim: an orc priest, wielding a +0 trident (severely wounded, haloed, 79% to hit)
The puff of flame hits the orc priest.
You kill the orc priest!
You have reached level 5!
You barely miss the adder. The adder bites you but does no damage.
You closely miss the adder. The adder misses you.
The adder bites you but does no damage.
You thump the adder!
You kill the adder!
You hit the orc.
The orc is heavily wounded.
The orc hits you with a +0 flail.
* * * LOW HITPOINT WARNING * * *
You barely miss the orc.
The orc is heavily wounded.
The orc barely misses you. The orc hits you with a +0 flail!
You die...

### #.. #.# ####.#
######..... #......##.#
#.###......
...###########.# #.###..
.....)o@......#.........
...#########.###.#.#####
...## ##..# ### #.# ###
#.....# .. #.#.#.###....
#.........).. #.#.#)#
### #.....# #.##..


You could see an orc.

Vanquished Creatures
  An orc priest (D:4)
  An iguana (D:4)
  4 adders
  2 worms
  3 dart slugs
  4 orcs
  7 ball pythons
  2 endoplasms
  5 hobgoblins
  A jackal (D:2)
  A quokka (D:2)
  3 bats
  A frilled lizard (D:1)
  5 goblins
  6 kobolds
  4 rats
50 creatures vanquished.

Notes
Turn   | Place    | Note
-------+----------+-------------------------------------------
     0 | D:1      | csrayne the Gargoyle Monk began the quest for the Orb.
     0 | D:1      | Reached XP level 1. HP: 14/14 MP: 1/1
   285 | D:1      | Found a faded altar of an unknown god.
   294 | D:1      | Reached XP level 2. HP: 19/19 MP: 2/2
   549 | D:2      | Reached skill level 1 in Armour
   563 | D:2      | Found Letuckir's Distillery.
   569 | D:2      | Found Xezetuh's Distillery.
   678 | D:2      | Reached XP level 3. HP: 24/24 MP: 3/3
   778 | D:2      | Found Cudwext's Assorted Antiques.
  1171 | D:3      | Reached XP level 4. HP: 29/29 MP: 4/4
  2379 | D:2      | Bought an ancient cloak for 199 gold pieces
  2379 | D:2      | Identified the +0 cloak of the End {rPois Str+4 Dex-2} (You
                  | bought it in a shop on level 2 of the Dungeon)
  2503 | D:4      | Noticed Dowan
  2504 | D:4      | Noticed Duvessa
  2529 | D:4      | Reached XP level 5. HP: 12/33 MP: 5/5
  2533 | D:4      | Slain by an orc

Illustrated notes

Levels and vault maps discovered:
D:1:      dpeg_arrival_tiny_a, layout_rooms, shapermc_ecumenical_altar_acropolis
D:2:      layout_rooms, serial_shops, shop, shop, shop,
          minmay_fractal_squares_gapless_5
D:3:      layout_basic
D:4:      layout_loops_ring, general_overflow_altar, uniq_duvessa

Skill      XL: |  1  2  3  4 |
---------------+-------------+-----
Armour         | 1 2 |  2.2
Maces & Flails | 4 |  4.4
Fighting       | 4 |  4.2
Throwing       | |  0.1
Dodging        | |  2.7

Action                     |  1- 3 |  4- 6 || total
---------------------------+-------+-------++-------
  Melee: Mace              |    93 |    56 ||   149
  Throw: Dart              |       |     2 ||     2
  Evoke: Wand              |       |     5 ||     5
    Use: Scroll            |       |    11 ||    11
         Potion            |       |     2 ||     2
 Armour: Ring mail         |    37 |       ||    37
         Chain mail        |    16 |    24 ||    40
  Dodge: Dodged            |    47 |    24 ||    71
